AoeStats
← waLLefps.

Arabia

507375073Analyzed
1v1 RM · 15d ago on Sep 17, 2026· 55m 20s· 2 players
Game mode
Random Map
Map size
Tiny (2 player)
Population
200
Speed
Normal
Resources
Standard
Victory
Conquest
Starting age
Dark Age
Ending age
Imperial Age
RankedLock teamsTeams togetherTeam positionsShared explorationLock speedFull tech treeHidden civsTurbo modeCheats
Victory
Defeat
🇺🇸 Goths · United States
1376
+14
🇹🇷 Malay · Türkiye
1331
-14
waLLefps.
7:13 Loom
9:31 Feudal Age
9:20 Double-Bit Axe
18:26 Fletching
27:06 Castle Age
27:01 Forging
27:10 Bodkin Arrow
28:51 Wheelbarrow
29:35 Iron Casting
36:44 Squires
36:31 Arson
38:33 Bow Saw
40:51 Pikeman
44:51 Gold Mining
52:41 Imperial Age
52:05 Hand Cart
52:31 Capped Ram
52:32 Halberdier
54:22 Conscription
<Syn>Guardiansofyuna
0:49 Loom
9:22 Feudal Age
9:35 Man-at-Arms
13:30 Fletching
23:14 Castle Age
22:23 Scale Mail Armor
22:30 Double-Bit Axe
22:37 Gold Mining
22:30 Horse Collar
24:28 Wheelbarrow
23:20 Long Swordsman
25:33 Chain Mail Armor
27:59 Forging
30:45 Iron Casting
31:21 Squires
32:25 Heavy Plow
32:17 Town Watch
36:36 Scale Barding Armor
39:12 Chain Barding Armor
39:30 Bloodlines
40:33 Husbandry
42:32 Hand Cart
50:21 Imperial Age
51:03 Two-Handed Swordsman
53:14 Blast Furnace
52:17 Padded Archer Armor
54:19 Chemistry
53:33 Masonry
53:40 Champion
54:46 Bow Saw
Connection lost

Rejoining the realm…

Still unreachable

The connection could not be restored.

Session expired

The server has moved on; the page needs a fresh start.